 Dungeon Crawl Stone Soup version 0.31-a0-198-g2ad674f65e (webtiles) character file.

Game seed: 3795983892681223087

324 qw the Skirmisher (level 6, -2/35 HPs)
             Began as a Deep Elf Hunter on June 25, 2023.
             Slain by Pikel
             ... wielding a +1 whip of freezing
              (4 damage)
             ... on level 4 of the Dungeon.
             The game lasted 00:00:55 (2839 turns).

qw the Skirmisher (Deep Elf Hunter)                 Turns: 2839, Time: 00:00:55

Health: -2/35      AC:  6    Str: 10    XL:     6   Next: 23%
Magic:  8/8        EV: 12    Int: 14    God:
Gold:   168        SH:  5    Dex: 24    Spells: 5/5 levels left

rFire   . . .        Y - +0 shortbow
rCold   . . .        (shield currently unavailable)
rNeg    . . .        g - +0 ring mail
rPois   .            (no helmet)
rElec   .            (no cloak)
rCorr   .            (no gloves)
SInv    +            m - +0 pair of boots
Will    .....        n - amulet of reflection
Stlth   ++           h - +6 ring of dexterity
HPRegen 0.25/turn    k - ring of see invisible
MPRegen 0.11/turn

%: reflection
@: no status effects
A: no striking features
a: no special abilities


You were on level 4 of the Dungeon.
You visited 1 branch of the dungeon, and saw 4 of its levels.

You collected 168 gold pieces.


   Skills:
 - Level 2.1 Fighting
 + Level 9.4 Ranged Weapons
 - Level 3.1 Dodging
 - Level 1.2 Stealth


You had 5 spell levels left.
You didn't know any spells.
Your spell library was empty.

Inventory:

Hand Weapons
 Y - a +0 shortbow (weapon)
Armour
 g - a +0 ring mail (worn)
 m - a +0 pair of boots (worn)
Jewellery
 h - a +6 ring of dexterity (left hand)
 k - a ring of see invisible (right hand)
 n - an amulet of reflection (around neck)
Scrolls
 b - 3 scrolls of teleportation
 j - a scroll of identify
Potions
 a - a potion of mutation
 d - a potion of brilliance {unknown}
 e - a potion of haste {unknown}
 f - a potion of curing
 i - a potion of heal wounds {unknown}
 l - a potion of cancellation
 o - a potion of lignification {unknown}

Dungeon Overview and Level Annotations

Branches:
Dungeon (4/15)
 Temple: D:4-7

Altars:

Annotations:
D:4 Pikel


Message History

The lemure is moderately wounded.
You shoot an arrow. The arrow hits the lemure.
The lemure is heavily wounded.
The lemure hits you.
You shoot an arrow. The arrow hits the lemure.
The lemure is heavily wounded.
The lemure barely misses you.
You shoot an arrow.
The arrow hits the lemure but does no damage.
The lemure is heavily wounded.
A lemure comes into view.
The lemure hits you. x2
You shoot an arrow. The lemure shouts!
The arrow hits the lemure.
The lemure is severely wounded.
A quokka comes into view.
The lemure closely misses you.
You shoot an arrow. The arrow hits the lemure.
The lemure is almost dead.
The lemure hits you.
You shoot an arrow. The arrow hits the lemure.
You kill the lemure!
That felt strangely unrewarding.
You shoot an arrow. The arrow barely misses Pikel.
The arrow hits the lemure but does no damage.
Pikel closely misses you.
You shoot an arrow. The arrow hits Pikel.
Pikel is lightly wounded.
Pikel hits you with a +1 whip of freezing.
Pikel freezes you.
You shoot an arrow. The arrow closely misses Pikel.
The arrow misses the lemure.
The arrow hits the lemure but does no damage.
Pikel hits you with a +1 whip of freezing!
Pikel freezes you.
You shoot an arrow. The arrow hits Pikel!
Pikel is lightly wounded.
Pikel hits you with a +1 whip of freezing!
Pikel freezes you.
You die...

#..#######.#.#.##
#..
#............^##
#.#
##.############
#.# #.# #.# #.#
#.. #.# ### #.#
#.###############
#........@K55....
###########5.####
.# #


You could see Pikel and 3 lemures.

Vanquished Creatures
  A lemure (D:4)
  A howler monkey (D:4)
  Jessica (D:2)
  3 iguanas (D:4)
  Natasha (thrice) (D:3)
  5 adders
  A worm (D:2)
  3 dart slugs
  3 ball pythons
  3 endoplasms
  4 giant cockroaches
  4 goblins
  6 hobgoblins
  4 quokkas
  6 bats
  3 frilled lizards (D:2)
  7 kobolds
  3 rats
61 creatures vanquished.

Notes
Turn   | Place    | Note
-------+----------+-------------------------------------------
     0 | D:1      | qw the Deep Elf Hunter began the quest for the Orb.
     0 | D:1      | Reached XP level 1. HP: 12/12 MP: 3/3
     0 | D:1      | 0 ||| qw: Version: 0.3-a-22-g0ed2b0b
     0 | D:1      | 0 ||| qw: Game counter: 5057
     0 | D:1      | 0 ||| qw: Melee chars always use a shield: true
     0 | D:1      | 0 ||| qw: God list: Okawaru
     0 | D:1      | 0 ||| qw: Allow faded altars: false
     0 | D:1      | 0 ||| qw: Do Orc after clearing Dungeon:15 true
     0 | D:1      | 0 ||| qw: Do second Lair branch before Depths: true
     0 | D:1      | 0 ||| qw: Lair rune preference: random
     0 | D:1      | 0 ||| qw: Goals: Normal
     0 | D:1      | 0 ||| PLANNING D:1-11
    83 | D:1      | Reached XP level 2. HP: 15/16 MP: 4/4
    87 | D:1      | Reached skill level 6 in Ranged Weapons
   230 | D:1      | Found a faded altar of an unknown god.
   638 | D:1      | 638 ||| UPGRADING to +0 ring mail.
   648 | D:1      | 648 ||| DROPPING +0 leather armour.
   649 | D:1      | 649 ||| UPGRADING to +6 ring of dexterity.
   650 | D:1      | 650 ||| UPGRADING to ring of see invisible.
   651 | D:1      | 651 ||| READING scroll labelled QITHRU FYAMMEF.
   655 | D:1      | 655 ||| READING scroll labelled HAPTOL XU ETIM.
   756 | D:1      | 756 ||| READING scroll labelled ULYDAI BIPH.
   757 | D:1      | 757 ||| READING scroll labelled IHEFUB OBBUNE.
   758 | D:1      | 758 ||| READING scroll labelled QIKUVV COUMY.
   759 | D:1      | 759 ||| DRINKING 2 black potions.
   760 | D:1      | 760 ||| DROPPING scroll of butterflies.
   850 | D:2      | Reached XP level 3. HP: 20/20 MP: 5/5
   933 | D:2      | Noticed Jessica
   937 | D:2      | Killed Jessica
   938 | D:2      | Reached skill level 7 in Ranged Weapons
   938 | D:2      | Reached XP level 4. HP: 25/25 MP: 6/6
  1735 | D:2      | 1735 ||| READING scroll labelled ZAOH PYOTETUPS.
  1736 | D:2      | 1736 ||| READING scroll labelled UPTIWUAFUO.
  1737 | D:2      | 1737 ||| DRINKING 2 fizzy pink potions.
  1860 | D:3      | Reached skill level 8 in Ranged Weapons
  1915 | D:3      | Noticed Natasha
  1922 | D:3      | Killed Natasha
  1923 | D:3      | Reached skill level 3 in Dodging
  1938 | D:3      | Reached XP level 5. HP: 29/29 MP: 7/7
  1938 | D:3      | Noticed Natasha
  1943 | D:3      | Killed Natasha
  1986 | D:3      | Noticed Natasha
  1990 | D:3      | Killed Natasha
  2536 | D:3      | 2536 ||| UPGRADING to +0 pair of boots.
  2541 | D:3      | 2541 ||| UPGRADING to amulet of reflection.
  2546 | D:3      | 2546 ||| READING 3 scrolls of identify.
  2546 | D:3      | 2546 ||| IDENTIFYING glowing ruby potion
  2547 | D:3      | 2547 ||| READING 2 scrolls of identify.
  2547 | D:3      | 2547 ||| IDENTIFYING fizzy dark potion
  2548 | D:3      | 2548 ||| DROPPING potion of ambrosia.
  2638 | D:4      | Reached skill level 9 in Ranged Weapons
  2692 | D:4      | Reached XP level 6. HP: 35/35 MP: 8/8
  2827 | D:4      | Noticed Pikel
  2839 | D:4      | HP: 2/35 [Pikel/+1 whip of freezing (7)]
  2839 | D:4      | Slain by Pikel

Levels and vault maps discovered:
D:1:      noname_arrival_rooms_in_the_neighbourhood, layout_rooms,
          hellmonk_ecumenical_altar_crossroads, amethyst_killhole,
          minmay_3d_cube
D:2:      layout_basic, uniq_jessica
D:3:      layout_loops_ring, uniq_natasha
D:4:      layout_loops_ring, mainiacjoe_overflow_alcove_1,
          dreamdust_wishing_well, uniq_pikel, uniq_blork_the_orc, uniq_robin

Skill      XL: |  1  2  3  4  5 |
---------------+----------------+-----
Ranged Weapons | 6 7 8 9 |  9.4
Dodging        | 3 |  3.1
Fighting       | 2 |  2.1
Stealth        | |  1.2

Action                     |  1- 3 |  4- 6 || total
---------------------------+-------+-------++-------
   Fire: Shortbow          |    77 |   117 ||   194
    Use: Scroll            |     5 |     4 ||     9
         Potion            |     1 |     1 ||     2
 Armour: Ring mail         |     9 |     7 ||    16
  Dodge: Dodged            |    13 |    21 ||    34

Table legend:
 A = Non-vault XP
 B = Vault XP
 C = Vault XP percentage of total XP
 D = Non-vault monster count
 E = Vault monster count
 F = Vault count percentage of total count
                 A         B        C        D         E       F
            +---------+---------+-------+---------+---------+-------
      Total |     383 |      80 |  17.3 |      53 |       7 |  11.7
            +---------+---------+-------+---------+---------+-------
        D:1 |      26 |       8 |  23.5 |      13 |       5 |  27.8
        D:2 |      51 |      37 |  42.0 |      16 |       1 |   5.9
        D:3 |     123 |      35 |  22.2 |      16 |       1 |   5.9
        D:4 |     183 |       0 |   0.0 |       8 |       0 |   0.0
            +---------+---------+-------+---------+---------+-------
